 Dungeon Crawl Stone Soup version bcrawl-1.41 (webtiles) character file.

Game seed: 11321365825076787595

334858 Zero the Cleaver (level 10, -13/145 HPs)
             Began as a Minotaur Berserker on Mar 27, 2024.
             Was a High Priest of Trog.
             Mangled by a black bear (15 damage)
             ... on level 8 of the Dungeon.
             The game lasted 00:08:08 (6968 turns).

Zero the Cleaver (Minotaur Berserker)               Turns: 6968, Time: 00:08:08

Health: -13/145    AC: 25    Str: 25    XL:     10   Next: 14%
Magic:  9/9        EV:  1    Int:  4    God:    Trog [*****.]
Gold:   260        SH:  0    Dex: 10    Spells: 9/9 levels left

rFire    . . .     GDR:     46% n - +1 war axe
rCold    . . .     SeeInvis .   (no shield)
rNeg     + + +     Gourm    .   (armour currently unavailable)
rPois    +         Faith    .   (helmet currently unavailable)
rElec    .         Spirit   .   (cloak currently unavailable)
rCorr    .         Reflect  .   (gloves currently unavailable)
MR       +....     NoTele   +   (boots currently unavailable)
Stlth    +.........             (no amulet)
HPRegen  1.64/turn              C - ring of positive energy
MPRegen  0.11/turn              w - ring of protection from magic

@: lethally poisoned (-13 -> -13), tree-form, berserk cooldown, regenerating,
slowed, very slow
A: giant, (retaliatory headbutt)
a: Berserk, Trog's Hand, Brothers in Arms, Renounce Religion


You were on level 8 of the Dungeon.
You worshipped Trog.
Trog was extremely pleased with you.
You were very hungry.
You were a tree.
You visited 1 branch of the dungeon, and saw 8 of its levels.
You also visited: Sewer.

You collected 477 gold pieces.
You spent 217 gold pieces at shops.

Inventory:

Hand Weapons
 n - a +1 war axe (weapon)
Missiles
 m - 191 javelins (quivered)
 E - a throwing net {=f}
Armour
 f - a +1 cloak
 p - a +0 chain mail (melded)
 q - a scarf of resistance (melded)
 r - a +1 pair of gloves (melded)
Jewellery
 w - a ring of protection from magic (right branch)
 z - the ring of Caiphys {Fire *Slow rPois MP+9}
   (You found it on level 4 of the Dungeon)

   [ring of fire]

   It enhances your fire magic.
   It protects you from fire.
   It makes you vulnerable to cold.
   It protects you from poison.
   It affects your magic capacity (+9).
   It may slow you when you take damage.
 C - a ring of positive energy (left branch)
 F - an uncursed ring of protection from fire
 I - an uncursed ring of see invisible
Wands
 o - a wand of random effects (18)
 A - a wand of polymorph (18)
 H - a wand of paralysis (7)
Scrolls
 c - 4 scrolls of enchant weapon
 d - 3 scrolls of revelation
 h - a scroll of blinking
 j - a scroll of amnesia
 v - 4 scrolls of remove curse
 D - a scroll of teleportation
Potions
 a - a potion of resistance {unknown}
 b - 2 potions of berserk rage {unknown}
 g - 5 potions of curing
 k - a potion of haste {unknown}
 l - a potion of agility
 u - 4 potions of lignification
 x - a potion of heal wounds
Comestibles
 e - 18 rations {!d}


   Skills:
 + Level 12.1 Fighting
 + Level 12.1 Axes
 + Level 6.0 Armour
 - Level 2.1 Dodging


You had 9 spell levels left.
You didn't know any spells.
Your spell library was empty.

Dungeon Overview and Level Annotations

Branches:
Dungeon (8/12)             Temple (0/1) D:4            Lair (0/6) D:8
    Orc: D:8-11

Altars:
Hepliaklqana
Lugonu

Shops:
D:5 }   D:6 *   D:7 %

Annotations:
D:7 1 runed translucent door, yrara's ghost, novice DsFi


Innate Abilities, Weirdness & Mutations

((You reflexively headbutt those who attack you in melee.))
((You have a pair of horns on your head.))


Message History

The black bear bites you but does no damage.
The black bear claws you but does no damage. x2
The black bear bites you!
* * * LOW HITPOINT WARNING * * *
The black bear claws you but does no damage. x2
You hit the black bear.
The black bear is moderately wounded.
You are struck by the porcupine's spines.
* * * LOW HITPOINT WARNING * * *
You slash the porcupine!
You kill the porcupine!
Trog accepts your kill.
You miss the kobold brigand. You hit the black bear. The black bear bites you.
* * * LOW HITPOINT WARNING * * *
The black bear claws you but does no damage. x2
The kobold brigand hits you but does no damage.
The black bear bites you but does no damage.
The black bear claws you but does no damage. x2
The black bear bites you!
You die... .P.PP.>PPP.PP..
PPP.P.PP.P.PPPP.
PPP..P.P.P.P.PPP. ..PPP.PP.PP.P....
P..PPP.P.PPPP5..P

.P..PPP.P.PP....$
#....PP.K†hP.P).#
#...Y..)♣h....#
.##....))....#
.....#.#####..#
######.# .# ..#.#
#.#.# #.#.# #.#.#
#.#.#


You could see 2 black bears, an ice beast, a kobold brigand and a crimson imp.

Vanquished Creatures
  A yaktaur (D:7)
  A troll (D:7)
  Grinder (D:5)
  A hippogriff (D:6)
  Sigmund (D:3)
  Menkaure (D:6)
  A crocodile (D:8)
  3 porcupines (D:8)
  2 orc warriors (D:7)
  2 black bears (D:8)
  4 ice beasts
  An ogre (D:7)
  3 sky beasts
  A phantom (D:6)
  3 bullfrogs
  Blork the orc (D:4)
  2 kobold brigands
  A centaur (D:6)
  6 killer bees (D:8)
  An orc priest (D:4)
  4 crimson imps
  3 jellies (D:4)
  7 hounds
  4 orc wizards
  Crazy Yiuf (D:4)
  A bullfrog skeleton (D:7)
  Ijyb (D:4)
  3 worker ants
  A hound skeleton (D:5)
  A worker ant zombie (D:8)
  A river rat (D:3)
  7 adders
  2 shadow imps (D:7)
  14 oozes
  An adder skeleton (D:7)
  3 worms
  4 dart slugs
  21 leopard geckos
  15 orcs
  11 ball pythons
  12 giant cockroaches
  7 goblins
  4 hobgoblins
  6 jackals
  3 quokkas
  3 bats
  10 frilled lizards
  A jackal skeleton (D:4)
  A jackal zombie (D:5)
  15 kobolds
  A quokka skeleton (D:5)
  7 rats
  A fungus (D:8)
  2 plants (D:8)
215 creatures vanquished.

Vanquished Creatures (others)
  7 fungi (D:8)
  2 plants (D:8)
  2 withered plants (D:7)
11 creatures vanquished.

Grand Total: 226 creatures vanquished

Notes
Turn   | Place    | Note
-------+----------+-------------------------------------------
     0 | D:1      | Zero the Minotaur Berserker began the quest for the Orb.
     0 | D:1      | Reached XP level 1. HP: 19/19 MP: 0/0
    96 | D:1      | Reached XP level 2. HP: 27/27 MP: 1/1
   756 | D:2      | Reached ** piety under Trog
   757 | D:2      | Reached XP level 3. HP: 34/34 MP: 2/2
  1204 | D:3      | Noticed Sigmund
  1270 | D:3      | Found a glowing drain.
  1284 | D:3      | Reached skill level 5 in Axes
  1284 | D:3      | Reached XP level 4. HP: 24/41 MP: 3/3
  1348 | Sewer    | Entered a sewer
  1354 | Sewer    | Reached skill level 5 in Fighting
  1616 | Sewer    | Reached *** piety under Trog
  1648 | Sewer    | Reached XP level 5. HP: 48/48 MP: 4/4
  1889 | Sewer    | Reached XP level 6. HP: 49/58 MP: 5/5
  2199 | D:3      | Found a faded altar of an unknown god.
  2279 | D:3      | Reached **** piety under Trog
  2352 | D:3      | Killed Sigmund
  2353 | D:3      | Reached XP level 7. HP: 66/66 MP: 6/6
  2773 | D:4      | Found a staircase to the Ecumenical Temple.
  2877 | D:4      | Found a hazy altar of Hepliaklqana.
  3022 | D:4      | Got a coiled pewter ring
  3303 | D:4      | Noticed Blork the orc
  3311 | D:4      | Killed Blork the orc
  3333 | D:4      | Noticed Ijyb
  3346 | D:4      | Killed Ijyb
  3525 | D:4      | Reached XP level 8. HP: 60/77 MP: 7/7
  4028 | D:4      | Found a runed door.
  4032 | D:4      | Noticed Crazy Yiuf
  4037 | D:4      | Killed Crazy Yiuf
  4208 | D:5      | Entered Level 5 of the Dungeon
  4223 | D:5      | Noticed Grinder
  4244 | D:5      | Killed Grinder
  4569 | D:5      | Found Xitum's Gadget Boutique.
  5090 | D:6      | Reached skill level 10 in Fighting
  5090 | D:6      | Reached skill level 10 in Axes
  5240 | D:6      | Noticed Menkaure
  5248 | D:6      | Killed Menkaure
  5261 | D:6      | Reached XP level 9. HP: 78/86 MP: 8/8
  5565 | D:6      | Found Laqouxukh's Assorted Antiques.
  5570 | D:6      | Bought a scroll of identify for 44 gold pieces
  5570 | D:6      | Bought a blackened golden ring for 110 gold pieces
  5570 | D:6      | Bought a dark potion for 19 gold pieces
  5570 | D:6      | Bought a scroll labeled HYSUOTU CESIAJ for 22 gold pieces
  5570 | D:6      | Bought a scroll labeled MUTAUKHLEON for 22 gold pieces
  5570 | D:6      | Identified the ring of Caiphys {Fire *Slow rPois MP+9} (You
                  | found it on level 4 of the Dungeon)
  5966 | D:7      | Found a corrupted altar of Lugonu.
  6107 | D:7      | Found Ityojiango's Food Shop.
  6284 | D:7      | Reached ***** piety under Trog
  6359 | D:7      | Found a runed translucent door.
  6360 | D:7      | Noticed yrara's ghost (novice DsFi)
  6426 | D:7      | Noticed a troll
  6435 | D:7      | Killed a troll
  6706 | D:7      | Noticed a yaktaur
  6716 | D:7      | Killed a yaktaur
  6937 | D:8      | Found a staircase to the Lair.
  6946 | D:8      | Reached skill level 5 in Armour
  6955 | D:8      | Reached XP level 10. HP: 97/97 MP: 9/9
  6968 | D:8      | HP: 6/145 [porcupine's spines (9)]
  6968 | D:8      | HP: 2/145 [black bear (6)]
  6968 | D:8      | Mangled by a black bear

Skill      XL: |  1  2  3  4  5  6  7  8  9 10 |
---------------+-------------------------------+-----
Fighting       | 4 5 6 7 8 10 11 12 | 12.1
Axes           | 4 5 6 7 8 10 12 | 12.1
Armour         | 5 6 |  6.0
Dodging        | |  2.1

Action                   |  1- 3 |  4- 6 |  7- 9 | 10-12 || total
-------------------------+-------+-------+-------+-------++-------
Melee: Hand axe          |    81 |   153 |       |       ||   234
       Headbutt          |     9 |    19 |    34 |     1 ||    63
       War axe           |       |    51 |   272 |    13 ||   336
Invok: Berserk           |     1 |     2 |     7 |       ||    10
       Trog's Hand       |       |       |     3 |       ||     3
  Use: Scroll            |       |       |    15 |       ||    15
       Potion            |       |       |       |     1 ||     1
 Stab: Sleeping          |     1 |       |       |       ||     1
       Invisible         |       |       |     1 |       ||     1
  Eat: Chunk             |     3 |    11 |    28 |       ||    42
Armor: Animal skin       |    11 |    36 |       |       ||    47
       Chain mail        |       |    25 |   136 |    17 ||   178
       Skin              |       |       |       |    38 ||    38
Dodge: Dodged            |    56 |   119 |   125 |     7 ||   307
